Map: Ascension to Aiur LE

Players

FrozenSouls

  • Race: Protoss Protoss
  • League: Silver
  • Spawn Location: 5:00

Juxtapose - Winner!

  • Race: Zerg Zerg
  • League: Gold
  • Spawn Location: 11:00

VOD

https://youtu.be/F1aIf3OZwAA

Description

My opponent's harassment really threw me off early on, but I was able to bounce back. My scouting Overlord saw his quick third going up as well, allowing me to deal with that pretty well.

Time

  • Played on: Nov. 21, 2017, 7:31 p.m.
  • Length: 10:50
Show
View Real Time Build Order
Export as new Build Order

FrozenSouls Protoss 

Build Orders: 1 Gate Expand 

Get SALT Encoding   

  12  0:00  Probe  
  13  0:13  Probe  
  14  0:24  Pylon  
  14  0:25  Probe  
  15  0:42  Probe  
  16  0:46  Gateway  
  16  0:54  Probe (Chrono Boost)  
  17  1:00  Assimilator  
  18  1:06  Probe (Chrono Boost)  
  18  1:08  Probe  
  19  1:21  Assimilator  
  19  1:25  Probe  
  20  1:34  Nexus  
  20  1:37  Probe  
  21  1:49  Probe  
  22  2:01  Cybernetics Core  
  22  2:03  Pylon  
  22  2:06  Probe  
  23  2:12  Assimilator  
  23  2:21  Probe  
  24  2:33  Probe  
  24  2:34  Pylon  
  25  2:41  Warp Gate (Chrono Boost)  
  25  2:46  Probe x2  
  27  2:56  Zealot  
  27  2:58  Probe x2  
  31  3:08  Twilight Council  
  31  3:10  Gateway  
  31  3:26  Gateway  
  31  3:34  Probe  
  31  3:35  Probe  
  33  3:45  Resonating Glaives  
  33  3:46  Probe  
  33  3:47  Probe  
  35  3:52  Gateway  
  35  3:55  Robotics Facility  
  35  3:59  Probe (Chrono Boost)  
  35  4:00  Probe (Chrono Boost)  
  37  4:08  Pylon  
  37  4:09  Probe x2 (Chrono Boost)  
  39  4:11  Gateway  
  39  4:13  Probe  
  40  4:18  Probe  
  41  4:25  Probe  
  42  4:33  Adept  
  42  4:34  Adept  
  42  4:37  Adept  
  50  4:51  Probe  
  50  4:52  Probe  
  50  4:57  Nexus  
  50  5:03  Adept x3  
  50  5:04  Probe, Adept  
  50  5:05  Probe  
  60  5:16  Probe  
  57  5:35  Adept x2  
  61  5:51  Pylon  
  61  5:54  Pylon  
  61  5:56  Pylon  
  61  5:59  Pylon  
  61  6:03  Pylon  
  61  6:06  Pylon, Adept  
  61  6:09  Immortal (Chrono Boost)  
  59  6:26  Robotics Facility  
  59  6:27  Stalker x2  
  59  6:28  Stalker x2  
  67  6:33  Pylon  
  67  6:36  Pylon  
  71  6:48  Immortal (Chrono Boost)  
  71  6:51  Stalker x4  
  78  7:23  Probe x2  
  78  7:24  Nexus  
  80  7:32  Stalker x4  
  80  7:33  Stalker  
  80  7:35  Probe  
  87  8:01  Blink  
  87  8:03  Immortal (Chrono Boost)  
  87  8:04  Immortal (Chrono Boost)  
  91  8:11  Zealot x5  
  101  8:19  Assimilator  
  101  8:23  Assimilator  
  101  8:34  Assimilator  
  101  8:37  Zealot x3  
  101  8:38  Zealot, Assimilator  
  104  8:54  Zealot  
  106  8:58  Probe  
  106  8:59  Probe x2  
  109  9:05  Zealot x4  
  117  9:10  Probe  
  117  9:11  Forge, Probe x2  
  117  9:12  Forge  
  120  9:23  Probe x3  
  95  9:28  Zealot x4  
  95  9:29  Zealot  
  55  9:50  Stalker x5  
  65  9:54  Immortal x2 (Chrono Boost)  
  62  10:08  Zealot  
  59  10:16  Stalker x2  
Show
View Real Time Build Order
Export as new Build Order

Juxtapose Zerg - Winner!

Build Orders: Hatch First 

Get SALT Encoding   

  12  0:01  Drone  
  13  0:10  Drone  
  14  0:18  Overlord  
  14  0:40  Drone x2  
  16  0:51  Hatchery  
  16  0:54  Drone  
  16  1:08  Drone  
  16  1:09  Drone  
  18  1:21  Drone  
  19  1:27  Extractor  
  19  1:31  Drone  
  19  1:37  Spawning Pool, Overlord  
  18  1:55  Drone  
  18  1:57  Overlord  
  19  2:06  Drone  
  19  2:07  Drone  
  21  2:15  Drone  
  22  2:23  Queen  
  22  2:26  Queen  
  26  2:30  Zergling x6  
  29  2:37  Drone  
  29  2:43  Drone  
  31  2:47  Metabolic Boost  
  31  2:53  Drone x2  
  33  3:01  Queen  
  35  3:10  Extractor  
  34  3:13  Roach Warren  
  34  3:16  Drone x4  
  37  3:22  Overlord  
  37  3:29  Evolution Chamber  
  36  3:35  Drone x2  
  36  3:36  Drone x3  
  41  3:43  Queen  
  43  3:55  Drone x4  
  47  4:04  Zerg Ground Armor Level 1  
  47  4:06  Roach  
  49  4:13  Lair  
  49  4:19  Drone  
  49  4:20  Drone x2  
  49  4:21  Overlord  
  52  4:44  Drone  
  52  4:45  Drone x3  
  56  4:46  Roach x2  
  56  4:52  Extractor  
  59  4:53  Extractor  
  59  4:56  Spore Crawler  
  57  5:02  Roach  
  57  5:03  Overlord  
  57  5:04  Overlord x2  
  59  5:25  Roach x2  
  59  5:26  Roach x6  
  72  5:38  Drone  
  72  5:39  Drone x3  
  76  5:47  Roach  
  76  5:49  Glial Reconstitution  
  78  6:08  Hydralisk Den  
  77  6:20  Roach x2  
  77  6:21  Roach  
  77  6:22  Overlord x4  
  83  6:39  Hatchery  
  82  6:43  Zerg Missile Weapons Level 1  
  74  7:13  Roach x3, Hydralisk x2  
  74  7:14  Roach x2, Hydralisk x7  
  94  7:20  Muscular Augments  
  94  7:40  Roach x5, Hydralisk x2  
  94  7:41  Hydralisk  
  110  7:56  Hydralisk x6  
  110  7:58  Overlord x3  
  122  8:14  Overlord x2  
  122  8:30  Drone  
  122  8:31  Drone x4  
  121  8:53  Drone x4  
  121  8:54  Drone x4  
  129  9:03  Infestation Pit  
  106  9:30  Roach x6, Hydralisk x5  
  106  9:31  Hydralisk x4  
  104  10:25  Hydralisk x2  
  104  10:26  Hydralisk x5  
Tags
 
Add a new tag
Caveats
  • Supply blocks, unpowered buildings, or Contaminate may cause inaccurate times.
  • Supply counts are checked every 10 seconds.